 Dungeon Crawl Stone Soup version 0.30.0-11-gf55b779eaf (webtiles) character file.

Game seed: 15209461429230415955

14 grtsgjgjk the Covered (level 2, 0/26 HPs)
             Began as a Meteoran Fighter on May 16, 2023.
             Slain by a gnoll
             ... wielding a +0 club
              (6 damage)
             ... on level 1 of the Dungeon.
             The game lasted 00:01:55 (245 turns).

grtsgjgjk the Covered (Meteoran Fighter)             Turns: 245, Time: 00:01:56

Health: 0/26       AC:  8    Str: 17    XL:     2   Next: 76%
Magic:  3/3        EV:  9    Int:  9    God:
Gold:   21         SH:  5    Dex: 13    Spells: 1/1 levels left

rFire   . . .        a - +0 flail
rCold   . . .        c - +0 buckler
rNeg    . . .        b - +0 scale mail
rPois   .            (no helmet)
rElec   .            e - +0 cloak
rCorr   .            (no gloves)
SInv    .            (no boots)
Will    .....        (no amulet) Stlth
                     (no ring)
HPRegen 0.24/turn    (no ring)
MPRegen 0.08/turn

%: no passive effects
@: glowing
A: sense surroundings 1, otherworldly, glowing, explore regen
a: no special abilities


You were on level 1 of the Dungeon.
You visited 1 branch of the dungeon, and saw 1 of its levels.

You collected 21 gold pieces.

Inventory:

Hand Weapons
 a - a +0 flail (weapon)
Armour
 b - a +0 scale mail (worn)
 c - a +0 buckler (worn)
 e - a +0 cloak (worn)
Scrolls
 h - 2 scrolls of identify {unknown}
 i - a scroll of enchant weapon {unknown}
Potions
 d - a potion of might
 f - 2 potions of degeneration {unknown}
 g - a potion of flight {unknown}


   Skills:
 * Level 3.5 Fighting
 * Level 3.1 Maces & Flails
 + Level 3.7 Armour
 + Level 3.7 Shields
 + Level 0.8 Invocations


You had one spell level left.
You didn't know any spells.
Your spell library was empty.

Dungeon Overview and Level Annotations

Branches:
Dungeon (1/15) Zot: 343

Altars:


Innate Abilities, Weirdness & Mutations

You passively map a small area around you.
You are easily found by Zot.
You glow in the dark.
You regain HP and MP as you explore.


Message History

You sock the bat!
You kill the bat!
The kobold barely misses you.
You completely miss the kobold.
The kobold hits you with a +0 short sword. x2
You closely miss the kobold. The kobold hits you but does no damage.
You sock the kobold!
You kill the kobold!
No target in view!
No target in view!
No target in view!
h - 2 scrolls labelled SAMEMAISOM (gained 1)
You open the door.
There is an open door here.
Found a stone staircase leading down.
Found 7 stones.
An endoplasm comes into view.
The endoplasm quivers.
An endoplasm is nearby!
You block the endoplasm's attack.
You sock the endoplasm!
You kill the endoplasm!
No target in view!
A quokka comes into view.
A quokka is nearby!
You closely miss the quokka. The quokka closely misses you.
You sock the quokka!
You kill the quokka!
No target in view!
A gnoll comes into view. It is wielding a +0 club.
The gnoll shouts!
You closely miss the gnoll. The gnoll hits you with a +0 club. x2
You hit the gnoll but do no damage. The gnoll hits you with a +0 club.
You are too injured to fight recklessly!
You hit the gnoll but do no damage. The gnoll hits you with a +0 club.
* * * LOW HITPOINT WARNING * * *
You thump the gnoll!
The gnoll is heavily wounded.
The gnoll hits you with a +0 club.
You die...

....# #.#*, ###.# #.##.
PP#.#######.##.
⌠P#.#.......##.*
PP#.#.##.#####. ###.#.##.# #.
..'...##.# #.*
###.####.#####.##############
PP#.# #.......g@...........#
⌠P#.# ......#.#########.####
PP#.# *.... +. #.# ###.#
*.... #. #.# ....# #.* #.#
.#### #.#.# #.# , , , #.#.#
#.# ** , ,#.#.# #.# ** #.#.#
#.#


You could see a gnoll.

Vanquished Creatures
  A dart slug (D:1)
  2 ball pythons (D:1)
  2 endoplasms (D:1)
  A kobold (D:1)
  2 quokkas (D:1)
  2 bats (D:1)
  A goblin (D:1)
11 creatures vanquished.

Notes
Turn   | Place    | Note
-------+----------+-------------------------------------------
     0 | D:1      | grtsgjgjk the Meteoran Fighter began the quest for the Orb.
     0 | D:1      | Reached XP level 1. HP: 19/19 MP: 2/2
    79 | D:1      | Reached XP level 2. HP: 25/26 MP: 3/3
   245 | D:1      | Slain by a gnoll

Illustrated notes

Levels and vault maps discovered:
D:1:      beargit_arrival_greenhouse, layout_basic

Skill      XL: |  1  2 |
---------------+-------+-----
Maces & Flails | 3 |  3.1
Fighting       | |  3.5
Armour         | |  3.7
Shields        | |  3.7
Invocations    | |  0.8

Action                     || total
---------------------------++-------
  Melee: Flail             ||    37
 Armour: Scale mail        ||    18
  Dodge: Dodged            ||    21
  Block: Buckler           ||     9
